 Dungeon Crawl Stone Soup version 0.31-a0-4-gefa6de2278 (webtiles) character file.

Game seed: 9873210952678372312

4 subawu the Insei (level 1, 0/17 HPs)
             Began as a Gnoll Transmuter on May 3, 2023.
             Constricted to death by a ball python (1 damage)
             ... on level 1 of the Dungeon.
             The game lasted 00:01:27 (212 turns).

subawu the Insei (Gnoll Transmuter)                  Turns: 212, Time: 00:01:28

Health: 0/17       AC:  2    Str:  9    XL:     1   Next: 70%
Magic:  6/6        EV:  4    Int: 12    God:
Gold:   3          SH: 10    Dex: 12    Spells: 8/9 levels left

rFire   . .          .
                       - Unarmed
rCold   . . .        c - +0 tower shield
rNeg    . . .        a - +0 robe
rPois   .            (no helmet)
rElec   .            (no cloak)
rCorr   .            (no gloves)
SInv    .            (no boots)
Will    .....        (no amulet)
Stlth   +            (no ring)
HPRegen 0.22/turn    (no ring)
MPRegen 0.10/turn

%: no passive effects
@: constricted
A: fangs 1, strong nose, distributed training
a: no special abilities


You were on level 1 of the Dungeon.
You visited 1 branch of the dungeon, and saw 1 of its levels.

You collected 3 gold pieces.

Inventory:

Missiles
 d - 6 stones (quivered)
Armour
 a - a +0 robe (worn)
 c - a +0 tower shield (worn)
Scrolls
 e - a scroll of teleportation {unknown}
 f - 2 scrolls of identify {unknown}
 g - a scroll of noise {unknown}
Potions
 b - a potion of lignification
 h - a potion of flight {unknown}


   Skills:
 + Level 2.4 Fighting
 + Level 0.1 Short Blades
 + Level 0.1 Long Blades
 + Level 0.1 Axes
 + Level 0.1 Maces & Flails
 + Level 0.1 Polearms
 + Level 0.1 Staves
 + Level 0.1 Ranged Weapons
 + Level 0.1 Throwing
 + Level 0.1 Armour
 + Level 4.4 Dodging
 + Level 0.1 Stealth
 + Level 0.1 Shields
 + Level 6.4 Unarmed Combat
 + Level 4.9 Spellcasting
 + Level 0.1 Conjurations
 + Level 0.1 Hexes
 + Level 0.1 Summonings
 + Level 0.1 Necromancy
 + Level 0.1 Translocations
 + Level 3.6 Transmutations
 + Level 0.1 Fire Magic
 + Level 0.1 Ice Magic
 + Level 0.1 Air Magic
 + Level 0.1 Earth Magic
 + Level 0.1 Poison Magic
 + Level 0.2 Invocations
 + Level 0.1 Evocations


You had 8 spell levels left.
You knew the following spells:

 Your Spells              Type           Power      Damage    Failure   Level
a - Beastly Appendage     Tmut           22%        N/A       96%         1

Your spell library contained the following spells:

 Spells                   Type           Power      Damage    Failure   Level
 Wereblood                Tmut           11%        N/A       99%         2
 Spider Form              Tmut/Pois      7%         N/A       100%        3
 Ice Form                 Ice/Tmut       7%         N/A       100%        4


Dungeon Overview and Level Annotations

Branches:
Dungeon (1/15)

Altars:


Innate Abilities, Weirdness & Mutations

You have very sharp teeth.
Your uncanny sense of smell can sniff out nearby items.
Your experience applies equally to all skills.


Message History

The ball python constricts you.
You escape the ball python's grasp.
You block the kobold's attack. You block the ball python's attack. x2
You hit the kobold but do no damage. The ball python bites you.
The ball python grabs you. The ball python constricts you.
The kobold hits you with a +0 short sword.
The ball python bites you. The ball python constricts you.
The kobold hits you but does no damage.
You miss the kobold. Your bite misses the kobold.
The ball python bites you but does no damage.
The ball python constricts you.
The kobold hits you with a +0 short sword.
The ball python bites you but does no damage.
The ball python constricts you.
You closely miss the kobold. You block the kobold's attack.
The ball python barely misses you. The ball python constricts you.
The kobold hits you but does no damage. You block the ball python's attack.
The ball python constricts you.
You completely miss the kobold. You block the ball python's attack.
The ball python constricts you. The kobold barely misses you.
The ball python bites you.
* * * LOW HITPOINT WARNING * * *
The ball python constricts you.
You closely miss the kobold. The kobold hits you but does no damage.
The ball python bites you.
* * * LOW HITPOINT WARNING * * *
The ball python constricts you.
* * * LOW HITPOINT WARNING * * *
You block the kobold's attack.
You barely miss the kobold. You bite the kobold, but do no damage.
You block the ball python's attack. The ball python constricts you.
You block the kobold's attack. The ball python bites you.
* * * LOW HITPOINT WARNING * * *
The ball python constricts you. The kobold hits you but does no damage.
You hit the kobold.
You kill the kobold!
The ball python bites you but does no damage.
The ball python constricts you. You block the ball python's attack.
The ball python constricts you.
You die...

∆ ∆
####################
#..@................
#..)S........†#....#
#...###....⌠...#.#.#
#..## ##.......#....
#.. ##........##..
#...###...##'#...#..
#........##..##....#
[....⌠...#.##>#.....
........##.###.....


You could see a ball python.

Vanquished Creatures
  A bat (D:1)
  An endoplasm (D:1)
  A hobgoblin (D:1)
  A kobold (D:1)
  A rat (D:1)
5 creatures vanquished.

Notes
Turn   | Place    | Note
-------+----------+-------------------------------------------
     0 | D:1      | subawu the Gnoll Transmuter began the quest for the Orb.
     0 | D:1      | Reached XP level 1. HP: 17/17 MP: 6/6
   212 | D:1      | Constricted to death by a ball python

Illustrated notes

Levels and vault maps discovered:
D:1:      erik_arrival_cave_to_civilisation [erik_arrival_cave_to_hall],
          layout_loops_ring

Action                     || total
---------------------------++-------
  Melee: Unarmed           ||    17
         Bite              ||     1
 Armour: Robe              ||    13
  Dodge: Dodged            ||    16
  Block: Tower shield      ||    27

Table legend: (Time is in decaauts)
 A = Elapsed time spent in this place.
 B = Non-inter-level travel time spent in this place.
 C = Inter-level travel time spent in this place.
 D = Time resting spent in this place.
 E = Time spent auto-exploring this place.
 F = Levels seen in this place.
 G = Mean time per level.
                   A        B        C        D        E       F      G
               +--------+--------+--------+--------+--------+-----+--------+
         Total |    220 |    165 |     55 |      0 |      9 |   1 |  220.0 |
       Dungeon |    220 |    165 |     55 |      0 |      9 |   1 |  220.0 |
               +--------+--------+--------+--------+--------+-----+--------+

Top non-repeatable levels by time:
     D:1: 220 daAuts
